 Dungeon Crawl Stone Soup version 0.19.1 (webtiles) character file.

147 Firecrotchwizard the Conjurer (level 5, -3/28 HPs)
             Began as a Deep Elf Conjurer on Dec 9, 2016.
             Slain by Buffagor's ghost (11 damage)
             ... on level 4 of the Dungeon.
             The game lasted 00:12:25 (3017 turns).

Firecrotchwizard the Conjurer (Deep Elf Conjurer)   Turns: 3017, Time: 00:12:26

Health: -3/28      AC:  4    Str:  5    XL:     5   Next: 8%
Magic:  6/13       EV: 14    Int: 21    God:
Gold:   72         SH:  0    Dex: 15    Spells: 4 memorised, 0 levels left

rFire  . . .     SeeInvis .     l - +7 club
rCold  . . .     Gourm    .     n - +2 animal skin
rNeg   . . .     Faith    .     (no shield)
rPois  .         Spirit   .     h - +0 hat
rElec  .         Reflect  .     (no cloak)
rCorr  .         Harm     .     (no gloves)
MR     .....                    (no boots)
Stlth  +++.......               (no amulet)
                                (no ring)
                                (no ring)

@: no status effects
A: no striking features
a: no special abilities


You were on level 4 of the Dungeon.
You were not hungry.

You visited 1 branch of the dungeon, and saw 4 of its levels.

You collected 72 gold pieces.

Inventory:

Hand Weapons
 e - a +0 mace
 l - a +7 club (weapon)
 r - a +0 trident of piercing
Missiles
 f - 77 stones (quivered)
Armour
 a - a +0 robe
 h - a +0 hat (worn)
 n - a +2 animal skin (worn)
Scrolls
 i - 2 scrolls of identify {unknown}
 j - 2 scrolls of enchant armour {unknown}
 k - a scroll of remove curse {unknown}
 q - 3 scrolls of immolation {unknown}
 t - a scroll of teleportation {unknown}
Potions
 d - a potion of ambrosia {unknown}
 m - a potion of heal wounds {unknown}
 o - a potion of mutation {unknown}
 p - a potion of cure mutation {unknown}
 s - a potion of curing {unknown}
Books
 b - a book of Conjurations

   Spells                             Type                      Level
   a - Magic Dart                     Conjuration                  1
   b - Searing Ray                    Conjuration                  2
   c - Dazzling Spray                 Conjuration/Hexes            3
   d - Fulminant Prism                Conjuration/Hexes            4
   e - Iskenderun's Mystic Blast      Conjuration                  4
   f - Iskenderun's Battlesphere      Conjuration/Charms           5
Comestibles
 c - 4 bread rations
 g - a meat ration


   Skills:
 + Level 3.5 Dodging
 + Level 3.8 Stealth
 + Level 4.1 Spellcasting
 * Level 5.5 Conjurations


You couldn't memorise any spells.
You knew the following spells:

 Your Spells              Type           Power        Failure   Level  Hunger
a - Magic Dart            Conj           ####         1%          1    None
b - Searing Ray           Conj           ####..       1%          2    #......
c - Iskenderun's Mystic   Conj           ####....     14%         4    ####...
d - Iskenderun's Battles  Conj/Chrm      ###.....     93%         5    ######.


Dungeon Overview and Level Annotations

Branches:
Dungeon (4/15)
 Temple: D:4-7

Altars:
Nemelex Xobeh

Annotations:
D:3 Sigmund
D:4 Buffagor's ghost, amateur GrFi


Message History

You finish channeling your searing ray.
Buffagor's ghost barely misses you. Buffagor's ghost hits you!
Buffagor's ghost hits you!
* * * LOW HITPOINT WARNING * * *
You hit Buffagor's ghost but do no damage.
Buffagor's ghost is lightly damaged.
Buffagor's ghost barely misses you.
You hit Buffagor's ghost but do no damage.
Buffagor's ghost is lightly damaged.
Buffagor's ghost barely misses you. Buffagor's ghost completely misses you.
You hit Buffagor's ghost but do no damage.
Buffagor's ghost is lightly damaged.
Buffagor's ghost completely misses you.
You barely miss Buffagor's ghost.
Buffagor's ghost is lightly damaged.
Buffagor's ghost closely misses you.
You hit Buffagor's ghost.
Buffagor's ghost is moderately damaged.
Buffagor's ghost hits you!
You die...

#########
[.......#
##.###
#<...#
#.##@#
#.##W#
..##.#
#####.#
#.# #?#
..† ....[
.>.....


You could see Buffagor's ghost.

Vanquished Creatures
  Terence (D:3)
  Jessica (D:2)
  Robin (D:2)
  An adder (D:2)
  A worm (D:2)
  2 leopard geckos
  7 orcs
  6 bats
  4 giant cockroaches
  15 goblins
  5 hobgoblins
  4 jackals (D:1)
  A ball python (D:1)
  2 frilled lizards
  A kobold (D:2)
  7 rats
59 creatures vanquished.

Notes
Turn   | Place    | Note
-------+----------+-------------------------------------------
     0 | D:1      | Firecrotchwizard the Deep Elf Conjurer began the quest for the Orb.
     0 | D:1      | Reached XP level 1. HP: 10/10 MP: 6/6
   200 | D:1      | Reached XP level 2. HP: 15/15 MP: 4/8
   237 | D:1      | Learned a level 2 spell: Searing Ray
  1051 | D:1      | Reached XP level 3. HP: 19/19 MP: 4/9
  1266 | D:2      | Found a sparkling altar of Nemelex Xobeh.
  1278 | D:2      | Noticed Jessica
  1285 | D:2      | Killed Jessica
  1285 | D:2      | Reached skill level 5 in Conjurations
  1425 | D:2      | Reached XP level 4. HP: 24/24 MP: 6/11
  1610 | D:2      | Learned a level 4 spell: Iskenderun's Mystic Blast
  1615 | D:2      | Noticed Robin
  1662 | D:2      | Killed Robin
  2121 | D:3      | Noticed Terence
  2136 | D:3      | Killed Terence
  2256 | D:3      | Noticed Sigmund
  2579 | D:3      | Reached XP level 5. HP: 22/28 MP: 7/13
  2627 | D:3      | Learned a level 5 spell: Iskenderun's Battlesphere
  3000 | D:4      | Noticed Buffagor's ghost (amateur GrFi)
  3017 | D:4      | Slain by Buffagor's ghost

Skill      XL: |  1  2  3  4 |
---------------+-------------+-----
Dodging        | 3 |  3.5
Stealth        | 3 |  3.8
Conjurations   | 5 |  5.5
Spellcasting   | 4 |  4.1

Action                   |  1- 3 |  4- 6 || total
-------------------------+-------+-------++-------
Melee: Club              |     2 |    13 ||    15
       Mace              |     2 |       ||     2
Throw: Stone             |     1 |       ||     1
 Cast: Magic Dart        |    58 |    47 ||   105
       Iskenderun's Myst |       |     2 ||     2
       Searing Ray       |       |     1 ||     1
  Eat: Chunk             |     1 |     4 ||     5
       Meat ration       |       |     1 ||     1
Armor: Robe              |     1 |     2 ||     3
Dodge: Dodged            |     5 |    15 ||    20
